Map: Zen LE

Players

DPGCure (Cure)

  • Race: Terran Terran
  • League: Master
  • Spawn Location: 1:00

INnoVation - Winner!

  • Race: Terran Terran
  • League: Grandmaster
  • Spawn Location: 7:00

Event: Shopify TSL 5

VOD

Have the link to the VOD?

Description

Time

  • Played on: May 24, 2020, 9:29 a.m.
  • Length: 9:19

All games in this series

Show
View Real Time Build Order
Export as new Build Order

DPGCure Terran 

Build Orders:  

Get SALT Encoding   

  12  0:00  SCV  
  13  0:12  SCV  
  14  0:17  Supply Depot  
  14  0:24  SCV  
  14  0:27  Refinery  
  15  0:38  SCV  
  16  0:44  Barracks  
  16  0:50  SCV  
  16  0:55  Refinery  
  17  1:02  SCV  
  18  1:14  SCV  
  19  1:31  Factory, Orbital Command  
  19  1:35  Reaper  
  20  1:48  Supply Depot  
  20  1:56  SCV  
  21  2:07  Reaper  
  22  2:08  SCV  
  22  2:15  Hellion  
  25  2:21  SCV  
  26  2:32  Command Center  
  26  2:35  SCV  
  27  2:39  Reaper  
  27  2:43  Supply Depot  
  28  2:49  Hellion  
  28  2:51  SCV  
  31  3:05  SCV  
  32  3:09  Starport  
  32  3:11  Factory Tech Lab  
  32  3:12  Barracks Reactor  
  31  3:17  SCV  
  32  3:29  SCV  
  32  3:30  Cyclone  
  36  3:41  SCV  
  36  3:47  Orbital Command  
  36  3:52  Starport Tech Lab, Marine x2  
  36  3:53  SCV  
  36  3:54  Refinery  
  38  4:04  Cyclone  
  38  4:06  SCV  
  38  4:09  Marine x2  
  39  4:10  Raven  
  39  4:13  SCV  
  44  4:18  SCV  
  44  4:24  Supply Depot  
  45  4:25  SCV  
  45  4:27  Marine x2  
  45  4:30  SCV  
  49  4:36  Siege Tank  
  49  4:38  SCV  
  53  4:42  SCV  
  54  4:47  Marine x2  
  54  4:49  Supply Depot  
  54  4:50  SCV  
  57  4:54  SCV, Raven  
  60  5:03  Command Center  
  60  5:04  SCV  
  60  5:06  SCV  
  62  5:10  Supply Depot  
  62  5:15  Siege Tank  
  62  5:16  Marine x2  
  62  5:20  SCV x2  
  69  5:32  SCV x2  
  69  5:34  Supply Depot  
  71  5:45  SCV x2  
  71  5:49  Viking x2  
  78  5:55  Marine, Supply Depot  
  78  5:56  Siege Tank  
  81  5:59  Refinery  
  81  6:00  SCV x2  
  81  6:03  Stimpack  
  80  6:12  SCV x2  
  80  6:13  Marine  
  82  6:28  SCV x2  
  82  6:31  Marine  
  69  6:33  Siege Tank, Viking  
  69  6:35  Orbital Command  
  68  6:43  Viking  
  64  6:49  Marine  
  65  6:54  SCV  
  65  6:55  SCV  
  65  6:56  Barracks  
  65  6:57  Barracks  
  67  7:05  Siege Tank  
  67  7:07  Marine  
  67  7:08  Viking  
  73  7:09  Orbital Command  
  73  7:10  SCV x2  
  73  7:13  Viking  
  77  7:22  SCV x2  
  79  7:24  Marine, Engineering Bay x2  
  80  7:34  SCV x3  
  83  7:39  Siege Tank  
  83  7:42  Marine  
  87  7:45  Supply Depot x2  
  87  7:48  Marine x2  
  87  7:49  Viking x2  
  88  7:58  SCV  
  88  7:59  SCV  
  81  8:17  SCV x3  
  81  8:18  Barracks Tech Lab  
  81  8:19  Viking x2, Barracks Reactor  
  76  8:22  Barracks  
  76  8:24  Barracks  
  76  8:26  Siege Tank  
  67  8:29  SCV x3  
  67  8:31  Supply Depot  
  67  8:41  SCV  
  68  8:42  SCV x2  
  68  8:45  Marine, Refinery  
  68  8:46  Refinery  
  71  8:53  SCV  
  71  8:54  SCV  
  71  8:55  SCV  
  74  8:56  Marine x2  
  74  9:02  Missile Turret  
  80  9:05  Barracks, SCV  
  80  9:07  SCV x2  
Show
View Real Time Build Order
Export as new Build Order

INnoVation Terran - Winner!

Build Orders:  

Get SALT Encoding   

  12  0:00  SCV  
  13  0:12  SCV  
  14  0:17  Supply Depot  
  14  0:25  SCV  
  14  0:27  Refinery  
  15  0:38  SCV  
  16  0:44  Barracks  
  16  0:50  SCV  
  16  0:55  Refinery  
  17  1:02  SCV  
  18  1:14  SCV  
  19  1:30  Orbital Command  
  19  1:31  Reaper  
  20  1:35  Factory  
  20  1:44  Supply Depot  
  20  1:56  SCV  
  21  2:03  Reaper  
  22  2:08  SCV  
  23  2:20  Hellion  
  23  2:21  SCV  
  26  2:33  SCV  
  26  2:35  Command Center, Reaper  
  28  2:42  Hellion  
  30  2:45  SCV  
  30  2:49  Supply Depot  
  31  3:01  Starport  
  31  3:07  Barracks Tech Lab, Factory Tech Lab  
  31  3:10  SCV  
  32  3:22  SCV  
  33  3:33  Cyclone  
  36  3:34  SCV  
  36  3:40  Refinery  
  37  3:46  SCV  
  33  3:56  Raven  
  33  3:57  Barracks Reactor  
  33  3:59  SCV, Orbital Command  
  36  4:08  Cyclone  
  39  4:11  SCV  
  40  4:19  Command Center  
  40  4:25  SCV x2  
  42  4:34  Marine x2  
  44  4:38  SCV x2  
  44  4:39  Raven  
  44  4:40  Supply Depot  
  48  4:48  Siege Tank  
  48  4:49  Refinery  
  48  4:50  SCV x2  
  53  4:53  Marine  
  54  5:00  Supply Depot  
  54  5:02  Marine  
  54  5:03  SCV x2  
  57  5:15  SCV x2  
  57  5:17  Marine  
  57  5:19  Marine  
  61  5:22  Raven  
  61  5:24  Siege Tank  
  61  5:27  SCV x2  
  68  5:32  Orbital Command  
  68  5:39  SCV x2  
  68  5:42  Barracks, Marine x2  
  72  5:46  Barracks  
  72  5:51  SCV x2  
  72  5:54  Supply Depot  
  74  5:58  Siege Tank  
  74  6:03  SCV x2  
  79  6:08  Orbital Command  
  79  6:14  Viking x2  
  79  6:15  SCV x2  
  79  6:27  SCV  
  79  6:28  SCV  
  79  6:30  Siege Tank  
  69  6:36  SCV  
  69  6:39  SCV, Marine, Barracks Reactor x2  
  60  6:40  SCV  
  60  6:46  Viking x2  
  63  6:47  Stimpack  
  63  6:48  SCV  
  63  6:52  SCV x2  
  66  6:57  Marine  
  66  7:00  SCV  
  68  7:01  Engineering Bay  
  68  7:02  Engineering Bay  
  68  7:04  SCV x2  
  68  7:05  Siege Tank  
  73  7:12  SCV  
  74  7:15  Marine  
  74  7:16  SCV x2, Marine x4  
  81  7:24  SCV  
  81  7:27  Supply Depot  
  81  7:28  SCV x2  
  84  7:36  SCV  
  85  7:37  Supply Depot  
  85  7:40  SCV x2, Marine x5  
  92  7:48  SCV  
  92  7:49  Siege Tank  
  96  7:58  Marine x4  
  96  7:59  Marine  
  96  8:01  Medivac x2  
  96  8:02  SCV x3  
  100  8:13  Barracks  
  100  8:16  Supply Depot  
  100  8:17  Barracks  
  92  8:21  Marine x5  
  92  8:22  SCV  
  92  8:23  SCV x2  
  92  8:24  Siege Tank  
  98  8:34  Medivac x2  
  98  8:35  SCV x3  
  98  8:39  Marine x5, Refinery  
  110  8:45  Supply Depot  
  110  8:46  Supply Depot  
  110  8:47  SCV x2  
  110  8:48  SCV  
  113  8:54  Armory  
  113  8:56  Refinery  
  113  8:58  Marine x3  
  113  8:59  Marine  
  113  9:01  Barracks Reactor  
  117  9:05  Barracks Reactor  
Tags
 
Add a new tag
Caveats
  • Supply blocks, unpowered buildings, or Contaminate may cause inaccurate times.
  • Supply counts are checked every 10 seconds.